 Dungeon Crawl Stone Soup version 0.32-a0-460-gc8eefc90e7 (webtiles) character file.

Game seed: 5773336881368369348

14443 Morbidden the Skirmisher (level 12, -17/94 HPs)
             Began as a Formicid Hunter on Feb 24, 2024.
             Demolished by a frost giant
             ... wielding a +2 battleaxe of freezing
              (20 damage)
             ... in an ice cave.
             The game lasted 00:20:00 (12150 turns).

Morbidden the Skirmisher (Formicid Hunter)         Turns: 12150, Time: 00:20:00

Health: -17/94     AC: 13    Str: 20    XL:     12   Next: 45%
Magic:  0/21       EV: 17    Int: 12    God:
Gold:   1522       SH:  5    Dex: 19    Spells: 11/11 levels left

rFire   . . .        b - +6 scimitar (holy)
rCold   + + +        B - +0 buckler
rNeg    . . .        x - +0 ice dragon scales
rPois   .            (helmet unavailable)
rElec   .            E - scarf {rC+ rF+}
rCorr   .            (no gloves)
SInv    +            m - +0 pair of boots
Will    ++...        f - amulet of guardian spirit
Stlth   +            s - ring of magical power
HPRegen 0.35/turn    j - +5 ring of evasion
MPRegen 0.17/turn

%: guardian spirit
@: no status effects
A: permanent stasis, dig shafts and tunnels, antennae 3, four strong arms,
clever 1, strong-willed 1, strong 1, MP-powered wands
a: Dig


You were in an ice cave.
You visited 2 branches of the dungeon, and saw 11 of its levels.
You also visited: Bailey and Ice Cave.

You collected 1522 gold pieces.

Inventory:

Hand Weapons
 a - a +0 shortbow of draining
 b - a +6 scimitar of holy wrath (weapon)
 y - a +0 broad axe
 z - a +2 short sword of venom
Missiles
 n - 8 poisoned darts
Armour
 c - a +0 plate armour
 m - a +0 pair of boots (worn)
 p - +0 swamp dragon scales
 w - a +2 cloak of poison resistance
 x - +0 ice dragon scales (worn)
 B - a +0 buckler (worn)
 E - a scarf of resistance (worn)
Jewellery
 f - an amulet of guardian spirit (around neck)
 j - a +5 ring of evasion (right hand)
 l - a ring of flight
 o - a +6 ring of dexterity
 s - a ring of magical power (left hand)
Wands
 h - a wand of roots (3)
 D - a wand of charming (1)
Scrolls
 d - a scroll of fog
 i - a scroll of butterflies
 k - a scroll of noise
 C - a scroll of teleportation
Potions
 e - a potion of mutation
 q - a potion of lignification
 r - a potion of invisibility
 t - a potion of haste
 u - a potion of cancellation {unknown}
 v - 2 potions of heal wounds
 A - 4 potions of degeneration {unknown}
Miscellaneous
 g - a lightning rod (inert)


   Skills:
 * Level 8.6 Fighting
 + Level 5.4(7.5) Short Blades
 * Level 8.1(8.8) Long Blades
 * Level 11.9 Ranged Weapons
 * Level 7.9 Armour
 * Level 5.6 Dodging
 + Level 2.3 Stealth
 * Level 3.9 Shields
 + Level 0.4 Evocations


You had 11 spell levels left.
You didn't know any spells.
Your spell library contained the following spells:

 Spells                   Type           Power      Damage    Failure   Level
 Foxfire                  Conj/Fire      0%         2x1d4     77%         1
 Shock                    Conj/Air       0%         1d3       77%         1
 Slow                     Hex            0%         N/A       77%         1
 Summon Small Mammal      Summ           0%         N/A       77%         1
 Call Canine Familiar     Summ           0%         N/A       98%         3
 Confusing Touch          Hex            0%         N/A       98%         3
 Inner Flame              Hex/Fire       0%         N/A       98%         3
 Sigil of Binding         Hex            0%         N/A       98%         3
 Vampiric Draining        Necr           0%         2d6       98%         3
 Airstrike                Air            0%         2d(0-16)  100%        4
 Dimensional Bullseye     Hex/Tloc       0%         N/A       100%        4
 Summon Blazeheart Golem  Fire/Summ      0%         N/A       100%        4
 Irradiate                Conj/Alch      0%         3d11      100%        5
 Plasma Beam              Fire/Air       0%         2x1d10    100%        6
 Starburst                Conj/Fire      0%         6d3       100%        6
 Ignition                 Fire           0%         3d3       100%        8
 Swiftness                Air            Unusable   N/A       N/A         3

Dungeon Overview and Level Annotations

Branches:
Dungeon (11/15)            Temple (1/1) D:5          Bailey (visited)
  IceCv (1/1)
   Lair: D:8-11         Orc: D:9-12

Altars:
Ashenzari
Elyvilon
Gozag
Hepliaklqana
Makhleb
Nemelex Xobeh
Okawaru
Qazlal
Ru
Sif Muna
Uskayaw
Vehumet
Wu Jian
Xom
Zin
The Shining One

Annotations:
D:3 3 runed translucent doors, Amplified's ghost, amateur MDWn; Pascal76's ghost, weakling MiFi; temujin's ghost, amateur MDFi


Innate Abilities, Weirdness & Mutations

You cannot be hasted, slowed, berserked, paralysed or teleported.
You can dig through walls and to a lower floor.
You have a pair of large antennae on your head. (SInv)
Your four strong arms can wield two-handed weapons with a shield.
Your mind is acute. (Int +4, Str/Dex -1)
You are strong-willed. (Will+)
Your muscles are strong. (Str +4, Int/Dex -1)
You expend magic power (3 MP) to strengthen your wands.


Message History

You hear a bellow!
The frost giant casts a spell at you. The bolt of cold hits you. You resist.
Your Long Blades skill increases to level 8!
Unknown command.
Unknown command.
Unknown command.
You hit the frost giant.
The frost giant is almost dead.
The death yak gores you.
The frost giant hits you with a +2 battleaxe of freezing.
Unknown command.
Unknown command.
You hit the frost giant.
The frost giant is almost dead.
The death yak gores you!
The frost giant hits you with a +2 battleaxe of freezing!!
* * * LOW HITPOINT WARNING * * *
The frost giant freezes you.
* * * LOW HITPOINT WARNING * * *
Unknown command.
Okay, then.
You hit the frost giant but do no damage.
The frost giant is almost dead.
The death yak closely misses you.
The frost giant points at you and mumbles some strange words.
The bolt of cold hits you! You resist.
* * * LOW HITPOINT WARNING * * *
Unknown command.
Unknown command.
Aiming: Fastroot
Press: ? - help, Shift-Dir - straight line The roots erupt in riotous growth!
Roots grab the death yak.
Roots grab the frost giant.
Roots grab the death yak.
The grasping roots constrict the frost giant.
The grasping roots constrict the death yak. x2
The death yak gores you!
* * * LOW HITPOINT WARNING * * *
The frost giant hits you with a +2 battleaxe of freezing!!
You die...

###
######.##########
##..........#:[)Y#
#.####.∩.###.$)YC#
..# ##.###..###@#
### ### ##.. ### {
...Y, {{ ##...# {
...## { .### { { #


You could see a frost giant (rooted) and 2 death yaks.

Vanquished Creatures
  A boulder beetle (D:7)
  A death yak (IceCv)
  3 orc knights (Bailey)
  Jeremiah (D:6)
  3 kobold demonologists
  2 trolls (D:11)
  Prince Ribbit (D:6)
  6 polar bears (IceCv)
  A wraith (D:7)
  26 yaks
  A fire bat (D:9)
  A vampire mosquito (D:7)
  An acid dragon (D:8)
  A water moccasin (D:8)
  2 ice beasts
  2 black bears
  11 orc warriors
  A sky beast (D:8)
  9 wolves (IceCv)
  4 centaurs
  3 kobold brigands
  4 gnoll sergeants
  4 bullfrogs
  A scorpion (D:6)
  A wight (D:9)
  5 howler monkeys
  7 electric eels (Bailey)
  A crimson imp (D:3)
  A hound (D:2)
  3 jellies
  3 orc priests
  Crazy Yiuf (D:6)
  4 sleepcaps
  Ijyb (D:3)
  Natasha (thrice) (D:3)
  5 orc wizards
  Robin (D:3)
  A gnoll (Bailey)
  15 adders
  2 white imps
  2 ufetubi (D:6)
  2 dart slugs
  2 ribbon worms (D:3)
  30 orcs
  6 ball pythons
  8 bats
  9 endoplasms
  4 giant cockroaches
  20 hobgoblins
  23 kobolds
  4 quokkas
  3 frilled lizards
  17 goblins
  A goblin zombie (D:3)
  2 hobgoblin zombies (D:3)
  A kobold skeleton (D:3)
  A kobold zombie (D:3)
  2 orc skeletons (D:3)
  5 rats
286 creatures vanquished.

Vanquished Creatures (others)
  Menkaure (D:7)
1 creature vanquished.

Grand Total: 287 creatures vanquished

Notes
Turn   | Place    | Note
-------+----------+-------------------------------------------
     0 | D:1      | Morbidden the Formicid Hunter began the quest for the Orb.
     0 | D:1      | Reached XP level 1. HP: 16/16 MP: 1/1
   115 | D:1      | Reached XP level 2. HP: 22/22 MP: 2/2
   226 | D:1      | Reached XP level 3. HP: 28/28 MP: 3/3
   749 | D:2      | Reached XP level 4. HP: 35/35 MP: 4/4
   987 | D:2      | Reached skill level 5 in Ranged Weapons
  1008 | D:2      | Reached XP level 5. HP: 41/41 MP: 5/5
  1572 | D:3      | Noticed Natasha
  1582 | D:3      | Killed Natasha
  1633 | D:3      | Found a faded altar of an unknown god.
  1686 | D:3      | Gained mutation: Your mind is acute. (Int +4, Str/Dex -1)
                  | [potion of mutation]
  1686 | D:3      | Gained mutation: Your muscles are strong. (Str +4, Int/Dex
                  | -1) [potion of mutation]
  1686 | D:3      | Gained mutation: You are strong-willed. (Will+) [potion of
                  | mutation]
  1686 | D:3      | Gained mutation: You expend magic power (3 MP) to
                  | strengthen your wands. [potion of mutation]
  1693 | D:3      | Reached skill level 1 in Armour
  1826 | D:3      | Noticed Ijyb
  1838 | D:3      | Noticed Robin
  1856 | D:3      | Killed Ijyb
  1857 | D:3      | Reached skill level 1 in Short Blades
  1857 | D:3      | Reached XP level 6. HP: 19/45 MP: 2/6
  1881 | D:3      | Killed Robin
  2001 | D:3      | Noticed Natasha
  2007 | D:3      | Killed Natasha
  2017 | D:3      | Noticed Natasha
  2028 | D:3      | Killed Natasha
  2471 | D:3      | Reached skill level 6 in Ranged Weapons
  2558 | D:3      | Reached XP level 7. HP: 18/51 MP: 1/7
  2684 | D:3      | Found a glowing golden altar of the Shining One.
  2818 | D:3      | Found a runed translucent gate.
  2818 | D:3      | Found a runed translucent gate.
  2819 | D:3      | Found a runed translucent gate.
  2826 | D:3      | Noticed Amplified's ghost (amateur MDWn)
  2826 | D:3      | Noticed Pascal76's ghost (weakling MiFi)
  2826 | D:3      | Noticed temujin's ghost (amateur MDFi)
  3809 | D:4      | Found an iron altar of Okawaru.
  3972 | D:5      | Entered Level 5 of the Dungeon
  4223 | D:5      | Found a staircase to the Ecumenical Temple.
  4260 | Temple   | Entered the Ecumenical Temple
  4764 | D:6      | Reached skill level 1 in Long Blades
  4764 | D:6      | Reached XP level 8. HP: 44/61 MP: 5/8
  5069 | D:6      | Noticed a yak
  5091 | D:6      | Killed a yak
  5092 | D:6      | Reached skill level 7 in Ranged Weapons
  5502 | D:6      | Noticed Jeremiah
  5523 | D:6      | Killed Jeremiah
  5524 | D:6      | Reached skill level 5 in Fighting
  5524 | D:6      | Reached XP level 9. HP: 52/68 MP: 9/9
  5594 | D:6      | Noticed Prince Ribbit
  5627 | D:6      | Killed Prince Ribbit
  5628 | D:6      | Reached skill level 8 in Ranged Weapons
  5883 | D:6      | Found a runed translucent door.
  5884 | D:6      | Noticed Crazy Yiuf
  6024 | D:6      | Killed Crazy Yiuf
  6192 | D:7      | Found a radiant altar of Vehumet.
  6193 | D:7      | Noticed Menkaure
  6196 | D:7      | Killed Menkaure
  6286 | D:7      | Found a glowing silver altar of Zin.
  6297 | D:7      | Found an opulent altar of Gozag.
  6510 | D:7      | Noticed a boulder beetle
  6533 | D:7      | Reached skill level 5 in Armour
  6542 | D:7      | You fall into a shaft and drop 1 floor!
  6666 | D:8      | Found a flagged portal.
  6693 | Bailey   | Entered a bailey
  6838 | Bailey   | Noticed an orc knight
  6839 | Bailey   | Noticed an orc knight
  6920 | Bailey   | Killed an orc knight
  6921 | Bailey   | Reached skill level 9 in Ranged Weapons
  6921 | Bailey   | Reached XP level 10. HP: 76/76 MP: 10/10
  6995 | Bailey   | Killed an orc knight
  6996 | Bailey   | Reached skill level 5 in Short Blades
  7216 | Bailey   | Reached skill level 10 in Ranged Weapons
  7252 | Bailey   | Noticed an orc knight
  7416 | Bailey   | Killed an orc knight
  7922 | Bailey   | Found an iron altar of Okawaru.
  7922 | Bailey   | Noticed a kobold demonologist
  7925 | Bailey   | Noticed a kobold demonologist
  7928 | Bailey   | Noticed a smoke demon
  7932 | Bailey   | Killed a kobold demonologist
  8066 | Bailey   | Noticed a sixfirhy
  8071 | Bailey   | Killed a kobold demonologist
  8072 | Bailey   | Reached skill level 11 in Ranged Weapons
  8127 | Bailey   | Reached XP level 11. HP: 70/83 MP: 9/11
  8263 | Bailey   | Acquired a +6 scimitar of holy wrath
  8266 | Bailey   | Acquired 884 gold pieces
  8562 | D:8      | Found an ornate altar of the Wu Jian Council.
  9802 | D:7      | Killed a boulder beetle
 10656 | D:8      | Reached skill level 5 in Dodging
 10769 | D:9      | Reached skill level 5 in Long Blades
 11126 | D:9      | You fall into a shaft and drop 2 floors!
 11284 | D:11     | Reached skill level 1 in Shields
 11307 | D:11     | Found a frozen archway.
 11331 | IceCv    | Entered an ice cave
 11530 | IceCv    | Reached XP level 12. HP: 36/92 MP: 12/12
 12134 | IceCv    | Noticed a death yak
 12134 | IceCv    | Noticed a frost giant
 12134 | IceCv    | Noticed a death yak
 12134 | IceCv    | Noticed a death yak
 12146 | IceCv    | Killed a death yak
 12150 | IceCv    | HP: 3/94 [death yak (10)]
 12150 | IceCv    | Demolished by a frost giant

Illustrated notes

Levels and vault maps discovered:
D:1:      onia_arrival_pentagram, layout_basic
D:2:      layout_basic
D:3:      layout_loops_ring, nicolae_tso_besieged_by_evil,
          gammafunk_ghost_cemetery, shapermc_ecumenical_altar_mp_urbaneastern,
          uniq_natasha, uniq_ijyb, uniq_robin
D:4:      layout_basic, mainiacjoe_overflow_alcove_1
D:5:      layout_basic, minmay_temple_entry_butterflies
D:6:      minmay_bubble_buster, layout_basic, uniq_prince_ribbit1,
          uniq_jeremiah, uniq_crazy_yiuf_cottage
D:7:      nzn_winding_woodlands_small
          [nzn_winding_woodlands_5x15_pathside_ponds,
          nzn_winding_woodlands_center_lodge,
          nzn_winding_woodlands_5x15_garden], layout_loops_ring,
          grunt_temple_overflow_gold_and_silver, fiery_altar_vehumet,
          uniq_menkaure
D:8:      layout_layer_cave, nicolae_overflow_crystal_walls, enter_bailey_2
D:9:      regret_index_infernal_bastille, layout_cross, serial_shops, shop
D:11:     layout_stronghold, portal_ice_cave_entry_pillars_2
Temple:   nicolae_temple_bog_church
IceCv:    ice_cave_caverns_01

Skill      XL: |  1  2  3  4  5  6  7  8  9 10 11 12 |
---------------+-------------------------------------+-----
Dodging        | 2 3 4 5 |  5.6
Fighting       | 3 4 5 6 7 8 |  8.6
Ranged Weapons | 5 6 7 9 11 | 11.9
Armour         | 1 3 4 5 7 |  7.9
Short Blades   | 1 2 3 4 5 |  5.4
Long Blades    | 1 2 3 4 6 8 |  8.1
Stealth        | 2 |  2.3
Shields        | 1 3 |  3.9
Evocations     | |  0.4

Action                     |  1- 3 |  4- 6 |  7- 9 | 10-12 || total
---------------------------+-------+-------+-------+-------++-------
  Melee: Short sword       |       |   123 |   264 |    19 ||   406
         Scimitar          |       |       |       |   340 ||   340
   Fire: Shortbow          |    76 |   110 |   219 |   343 ||   748
Ability: Dig               |       |     4 |       |     4 ||     8
         Shaft Self        |       |       |     2 |     1 ||     3
  Evoke: Wand              |       |     2 |     3 |     6 ||    11
         Lightning rod     |       |       |       |     4 ||     4
    Use: Potion            |       |     4 |     1 |     1 ||     6
         Scroll            |       |       |     6 |     5 ||    11
   Stab: Distracted        |       |       |       |     1 ||     1
 Armour: Leather armour    |    21 |    42 |       |       ||    63
         Chain mail        |       |    66 |    70 |       ||   136
         Swamp dragon scal |       |       |   130 |       ||   130
         Skin              |       |       |     7 |       ||     7
         Plate armour      |       |       |       |   236 ||   236
         Ice dragon scales |       |       |       |   119 ||   119
  Dodge: Dodged            |    27 |    78 |   229 |   336 ||   670
  Block: Buckler           |       |       |       |    40 ||    40

Table legend: (Time is in decaauts)
 A = Elapsed time spent in this place.
 B = Non-inter-level travel time spent in this place.
 C = Inter-level travel time spent in this place.
 D = Time resting spent in this place.
 E = Time spent auto-exploring this place.
 F = Levels seen in this place.
 G = Mean time per level.
                   A        B        C        D        E       F      G
               +--------+--------+--------+--------+--------+-----+--------+
         Total |  12284 |  11916 |    368 |   1400 |   7291 |  13 |  944.9 |
       Dungeon |   9788 |   9420 |    368 |    779 |   6634 |  10 |  978.8 |
        Temple |      1 |      1 |      0 |      0 |      0 |   1 |    1.0 |
        Bailey |   1677 |   1677 |      0 |    435 |    277 |   1 | 1677.0 |
      Ice Cave |    817 |    817 |      0 |    185 |    380 |   1 |  817.0 |
               +--------+--------+--------+--------+--------+-----+--------+

Top non-repeatable levels by time:
  Bailey: 1677 daAuts
     D:8: 1642 daAuts
     D:3: 1495 daAuts
     D:6: 1423 daAuts
     D:7: 1419 daAuts
     D:2: 933 daAuts
     D:4: 920 daAuts
   IceCv: 817 daAuts
     D:5: 667 daAuts
     D:1: 660 daAuts
     D:9: 420 daAuts
    D:11: 205 daAuts
  Temple: 1 daAuts
